 Dungeon Crawl Stone Soup version 0.26.0-10-g1f06aea511 (webtiles) character file.

Game seed: 98304495608477572

11 Goblin1989 the Sneak (level 2, 0/24 HPs)
             Began as a Demonspawn Delver on Jan 23, 2021.
             Succumbed to an adder's poison
             ... on level 2 of the Dungeon.
             The game lasted 00:02:06 (181 turns).

Goblin1989 the Sneak (Demonspawn Delver)             Turns: 181, Time: 00:02:06

Health: 0/24       AC:  3    Str: 12    XL:     2   Next: 13%
Magic:  2/2        EV: 12    Int: 11    God:
Gold:   0          SH:  0    Dex: 14    Spells: 1/1 levels left

rFire    . . .     SeeInvis .   a - +0 hand axe
rCold    . . .     Faith    .   (no shield)
rNeg     . . .     Spirit   .   b - +0 leather armour
rPois    .         Reflect  .   (no helmet)
rElec    .         Harm     .   (no cloak)
rCorr    .         Rampage  .   (no gloves)
Will     .....                  (no boots)
Stlth    ++........             (no amulet)
HPRegen  0.08/turn              (no ring)
MPRegen  0.08/turn              (no ring)

@: lethally poisoned (0 -> -2), hasted, very quick
A: talons 1
a: no special abilities


You were on level 2 of the Dungeon.
You visited 1 branch of the dungeon, and saw 4 of its levels.

Inventory:

Hand Weapons
 a - a +0 hand axe (weapon)
Armour
 b - a +0 leather armour (worn)
Wands
 g - a wand of digging (3) {@v1}
Scrolls
 c - a scroll of fog
Potions
 f - a potion of haste {@q3,}


   Skills:
 - Level 3.0 Fighting
 + Level 2.6 Axes
 - Level 1.7 Dodging
 - Level 4.5 Stealth


You had one spell level left.
You didn't know any spells.
Your spell library was empty.

Dungeon Overview and Level Annotations

Branches:
Dungeon (5/15)
 Temple: D:4-7

Altars:


Innate Abilities, Weirdness & Mutations

You have sharp toenails.


Message History

Unknown command.
You start waiting.
An adder is nearby!
The adder hisses angrily.
Things that are here:
a +0 flail; a +0 scale mail; an orc corpse You miss the adder.
The adder bites you.
You take 2 damage, and have 16/18 hp.
You barely miss the adder.
The adder bites you but does no damage. x2
You miss the adder. The adder barely misses you.
You hit the adder but do no damage. The adder barely misses you.
The adder completely misses you.
You miss the adder. The adder bites you.
You take 1 damage, and have 15/18 hp.
You miss the adder. The adder barely misses you. The adder closely misses you.
You hit the adder.
The adder is heavily wounded.
The adder bites you. The adder bites you but does no damage.
You take 1 damage, and have 14/18 hp.
You barely miss the adder.
The adder is heavily wounded.
The adder bites you but does no damage.
You miss the adder.
The adder is heavily wounded.
The adder bites you.
You are poisoned.
The adder poisons you! The adder bites you.
You take 2 damage, and have 12/18 hp.
You barely miss the adder.
The adder is moderately wounded.
You feel sick. The adder bites you but does no damage.
You take 1 damage, and have 11/18 hp.
You barely miss the adder.
The adder is moderately wounded.
The adder bites you but does no damage. The adder completely misses you.
You closely miss the adder.
The adder is moderately wounded.
The adder bites you.
* * * LOW HITPOINT WARNING * * *
You are lethally poisoned!
The adder poisons you!
You take 3 damage, and have 8/18 hp.
You hit the adder.
The adder is almost dead.
* * * LOW HITPOINT WARNING * * *
You feel sick. The adder bites you.
* * * LOW HITPOINT WARNING * * *
The adder misses you.
You take 2 damage, and have 6/18 hp.
You hit the adder.
You kill the adder!
* * * LOW HITPOINT WARNING * * *
You feel sick.
You have reached level 2!
You feel monstrous as your demonic heritage exerts itself.
Your demonic ancestry asserts itself...
Your toenails lengthen and sharpen.
MP restored: 2 Unknown command.
* * * LOW HITPOINT WARNING * * *
You feel sick.
You take 1 damage, and have 6/24 hp.
Items here: ) [ ††.
* * * LOW HITPOINT WARNING * * *
You feel sick.
You take 1 damage, and have 5/24 hp.
* * * LOW HITPOINT WARNING * * *
You feel sick.
You take 1 damage, and have 4/24 hp.
You feel yourself speed up.
* * * LOW HITPOINT WARNING * * *
You feel sick.
You take 1 damage, and have 3/24 hp.
Found an escape hatch in the floor.
Found 2 boomerangs.
* * * LOW HITPOINT WARNING * * *
You feel sick.
You see here a scroll labelled IHUOC HINLEO.
You take 1 damage, and have 2/24 hp.
N - a scroll labelled IHUOC HINLEO
Okay, then.
As you read the scroll of magic mapping, it crumbles to dust.
You feel aware of your surroundings.
Unknown command.
As you read the scroll labelled IHUOC HINLEO, it crumbles to dust.
It is a scroll of amnesia.
You feel forgetful for a moment.
* * * LOW HITPOINT WARNING * * *
You feel sick.
You take 1 damage, and have 2/24 hp.
There is an escape hatch in the ceiling here.
You can't go down here!
Really go through this one-way escape hatch?
A mysterious force pulls you upwards. The hatch slams shut behind you.
* * * LOW HITPOINT WARNING * * *
You feel sick.
You take 1 damage, and have 1/24 hp.
A kobold comes into view.
The kobold shouts!
You die...

.......
█.......
█.......
█......
█..K.
██..█
████...██
▲.@.....█
████...██
███..█
█....█
█.████
█.█ █.█
█.█ █.█


You could see a kobold.

Vanquished Creatures
  An adder (D:3)
  An orc (D:3)
2 creatures vanquished.

Notes
Turn   | Place    | Note
-------+----------+-------------------------------------------
     0 | D:5      | Goblin1989 the Demonspawn Delver began the quest for the
                  | Orb.
     0 | D:5      | Reached XP level 1. HP: 18/18 MP: 1/1
     1 | D:5      | Noticed an ice beast
     7 | D:5      | Noticed a centaur
    24 | D:4      | Noticed a worker ant
   154 | D:3      | Gained mutation: You have sharp toenails. [demonic
                  | ancestry]
   154 | D:3      | Reached XP level 2. HP: 7/24 MP: 2/2
   175 | D:2      | HP: 1/24 [poisoned by an adder]
   181 | D:2      | Succumbed to an adder's poison

Illustrated notes

Levels and vault maps discovered:
D:2:      layout_loops_corners, kennysheep_cluttered_room,
          okawaru_ov_weapons_minmay
D:3:      layout_basic
D:4:      layout_loops_ring, chequers_serial_rivers_marsh,
          uniq_crazy_yiuf_cottage
D:5:      layout_rooms, gup_sewer_entry_spiral, serial_shops,
          nicolae_shop_stone, minmay_misc_feat_nine_boxes, serial_bayou_pond_b,
          amcnicky_mini_pool_medium

Skill      XL: |  1 |
---------------+----+-----
Axes           | 2 |  2.6
Fighting       | |  3.0
Dodging        | |  1.7
Stealth        | |  4.5

Action                   || total
-------------------------++-------
Melee: Hand axe          ||    16
  Use: Scroll            ||     3
       Potion            ||     1
Armor: Leather armour    ||     6
Dodge: Dodged            ||     8
